 Dungeon Crawl Stone Soup version 0.28.0-45-g0d030f2227 (webtiles) character file.

Game seed: 1416382281759246766

1108 Zeld the Changer (level 8, -9/66 HPs)
             Began as a White Draconian Transmuter on Apr 22, 2022.
             Was an Initiate of Gozag.
             Killed by divine providence
             ... invoked by an orc priest
              (16 damage)
             ... on level 6 of the Dungeon.
             The game lasted 00:07:13 (7533 turns).

Zeld the Changer (White Draconian Transmuter)       Turns: 7533, Time: 00:07:14

Health: -9/66      AC:  2    Str: 15    XL:     8   Next: 11%
Magic:  24/24      EV: 20    Int: 14    God:    Gozag
Gold:   4          SH:  0    Dex: 16    Spells: 7/17 levels left

rFire   . . .      SeeInvis .     - Unarmed
rCold   . . .      Faith    .   (shield currently unavailable)
rNeg    . . .      Spirit   .   (armour unavailable)
rPois   x          Reflect  .   (helmet currently unavailable)
rElec   .          Harm     .   (cloak currently unavailable)
rCorr   .          Rampage  .   (gloves currently unavailable)
Will    .....                   (boots currently unavailable)
Stlth   +.........              (no amulet)
HPRegen 0.21/turn               f - ring of magical power
MPRegen 0.19/turn               (no ring)

@: confused, lethally poisoned (-9 -> -10), spider-form, ambrosia-drunk, gold
aura
A: venomous fangs, (breathe frost), AC +6, tiny, unfitting armour, (cold
resistance 1), (cold-blooded)
a: End Transformation, Renounce Religion, Potion Petition, Call Merchant, Bribe
Branch


You were on level 6 of the Dungeon.
You worshipped Gozag.
Gozag was noncommittal.
You were a venomous arachnid creature.
You visited 2 branches of the dungeon, and saw 7 of its levels.

You collected 331 gold pieces.
You spent 227 gold pieces at shops.
You paid 100 gold pieces to Gozag.

Inventory:

Armour
 p - a +0 pair of boots (melded)
Jewellery
 f - a ring of magical power (left front leg)
Wands
 o - a wand of polymorph (5)
Scrolls
 a - 7 scrolls of identify
 b - 3 scrolls of silence {unknown}
 c - 2 scrolls of blinking {unknown}
 d - 2 scrolls of immolation {unknown}
 e - 2 scrolls of teleportation {unknown}
 i - a scroll of enchant armour {unknown}
 l - 2 scrolls of summoning {unknown}
 q - 4 scrolls of fog {unknown}
 r - a scroll of fear
 t - a scroll of enchant weapon {unknown}
Potions
 g - 2 potions of might
 j - 2 potions of resistance {unknown}
 m - a potion of mutation {unknown}
 n - 2 potions of cancellation {unknown}
 s - a potion of berserk rage


   Skills:
 + Level 4.1 Fighting
 - Level 3.0 Dodging
 - Level 3.0 Stealth
 - Level 3.0 Unarmed Combat
 * Level 5.2 Spellcasting
 * Level 5.8 Transmutations


You had 7 spell levels left.
You knew the following spells:

 Your Spells              Type           Power      Damage    Failure   Level
a - Beastly Appendage     Tmut           38%        N/A       7%          1
b - Wereblood             Tmut           19%        N/A       9%          2
c - Spider Form           Tmut/Pois      11%        N/A       34%         3
d - Ice Form              Ice/Tmut       11%        N/A       67%         4

Your spell library contained the following spells:

 Spells                   Type           Power      Damage    Failure   Level
 Foxfire                  Conj/Fire      12%        2x1d4     36%         1
 Blink                    Tloc           6%         N/A       47%         2
 Corpse Rot               Necr/Air       6%         N/A       47%         2
 Poisonous Vapours        Pois/Air       6%         N/A       47%         2
 Conjure Flame            Conj/Fire      3%         6-21      67%         3
 Inner Flame              Hex/Fire       3%         N/A       67%         3
 Flame Wave               Conj/Fire      3%         2d4       95%         4
 Freezing Cloud           Conj/Ice/Air   1%         6-21      100%        5
 Manifold Assault         Tloc           3%         N/A       100%        5
 Simulacrum               Ice/Necr       1%         N/A       100%        6
 Storm Form               Tmut/Air       5%         N/A       100%        7
 Polar Vortex             Ice            1%         N/A       100%        9


Dungeon Overview and Level Annotations

Branches:
Dungeon (6/15)             Temple (1/1) D:5

Altars:
Ashenzari
Cheibriados
Dithmenos
Elyvilon
Fedhas
Gozag
Hepliaklqana
Kikubaaqudgha
Makhleb
Nemelex Xobeh
Okawaru
Qazlal
Sif Muna
Trog
Uskayaw
Vehumet
Wu Jian
Xom
Yredelemnul
Zin
The Shining One

Shops:
D:5 *

Annotations:
D:6 Dowan, Duvessa


Innate Abilities, Weirdness & Mutations

You are a venomous arachnid creature.
You have poisonous fangs.
You are tiny and dextrous.
Your spellcasting is less reliable in this form.
Your armour is entirely melded.
You are incapable of wielding weapons or throwing items.
((You can breathe waves of freezing cold which knock back foes.))
((Your icy white scales are hard. (AC +6)))
You cannot fit into any form of body armour.
((Your flesh is cold resistant. (rC+)))
((You are cold-blooded and may be slowed by cold attacks.))


Message History

* * * LOW HITPOINT WARNING * * *
You feel very sick. The orc hits you but does no damage.
The orc priest misses you. The orc hits you but does no damage.
Casting: Spider Form (dangerous; 16% risk of failure)
Confirm with . or Enter, or press ? or * to list all spells.
You turn into a venomous arachnid creature.
Your +0 pair of boots melds into your body.
* * * LOW HITPOINT WARNING * * *
You feel sick.
The orc is distracted by your dazzling golden aura.
The orc priest misses you. The orc misses you.
The orc shouts!
You completely miss the orc priest.
The orc priest is moderately wounded.
* * * LOW HITPOINT WARNING * * *
You feel sick.
The orc is no longer distracted by gold.
Unknown command.
* * * LOW HITPOINT WARNING * * *
You feel sick.
The orc priest is distracted by your dazzling golden aura.
The orc misses you.
Okay, then.
* * * LOW HITPOINT WARNING * * *
You feel sick.
The orc priest is no longer distracted by gold.
The orc is distracted by your dazzling golden aura.
* * * LOW HITPOINT WARNING * * *
You feel sick.
You are confused.
You feel invigorated.
You feel sick.
The orc is no longer distracted by gold.
The orc is distracted by your dazzling golden aura.
You feel sick.
The orc is no longer distracted by gold.
The orc priest invokes the aid of Beogh against you.
Beogh smites you!
You die...
Your body crumbles into a pile of gold.

##.##.....####......#
#.##.....# ##.....#
#.##.....######....#
#.##................
#######.####.########....#
##.....#......## #.....
##..............#######.####
#................#......####
#..........s.....#.#####....
#..................##....###
#..........o..........#### #
#........o.o.....###### #
#..........oo....# ##
##....[...$.....## ##.
##.....##......# #..
##########.##.# #.. #..#.#
#..


You could see an orc priest and 4 orcs.

Vanquished Creatures
  A water moccasin (D:6)
  A black bear (D:4)
  A phantom (D:5)
  3 scorpions
  A wyvern skeleton (D:6)
  2 water moccasin skeletons
  4 hounds
  A gnoll shaman (D:5)
  A bullfrog skeleton (D:6)
  Ijyb (D:4)
  3 iguanas
  Natasha (thrice) (D:4)
  A howler monkey zombie (D:5)
  4 adders
  2 gnolls (D:5)
  A shadow imp (D:6)
  An ufetubus (D:5)
  3 adder skeletons (D:4)
  4 worms
  A dart slug (D:5)
  2 orcs (D:4)
  7 endoplasms
  A giant cockroach (D:2)
  A goblin (D:3)
  4 hobgoblins
  3 jackals (D:1)
  2 quokkas
  6 ball pythons
  6 bats
  2 frilled lizards
  10 kobolds
  6 rats
89 creatures vanquished.

Notes
Turn   | Place    | Note
-------+----------+-------------------------------------------
     0 | D:1      | Zeld the Draconian Transmuter began the quest for the Orb.
     0 | D:1      | Reached XP level 1. HP: 16/16 MP: 3/3
   323 | D:1      | Reached XP level 2. HP: 23/23 MP: 3/5
  1450 | D:2      | Reached XP level 3. HP: 28/28 MP: 4/6
  1453 | D:2      | Learned a level 2 spell: Wereblood
  1457 | D:2      | Learned a level 3 spell: Spider Form
  2509 | D:2      | Found a faded altar of an unknown god.
  3201 | D:4      | Reached skill level 1 in Stealth
  3201 | D:4      | Reached XP level 4. HP: 31/36 MP: 8/8
  3285 | D:4      | Noticed a black bear
  3296 | D:4      | Killed a black bear
  3297 | D:4      | Reached XP level 5. HP: 26/41 MP: 9/9
  3302 | D:4      | Learned a level 4 spell: Ice Form
  3934 | D:4      | Noticed Natasha
  3947 | D:4      | Killed Natasha
  4034 | D:4      | Noticed Ijyb
  4043 | D:4      | Killed Ijyb
  4052 | D:4      | Reached XP level 6. HP: 50/50 MP: 11/11
  4262 | D:4      | Noticed Natasha
  4270 | D:4      | Killed Natasha
  4503 | D:4      | Noticed Natasha
  4510 | D:4      | Killed Natasha
  4648 | D:5      | Entered Level 5 of the Dungeon
  5077 | D:5      | Your scales start taking on an icy white colour.
  5077 | D:5      | Reached XP level 7. HP: 51/57 MP: 13/13
  5077 | D:5      | Gained mutation: Your flesh is cold resistant. (rC+) [White
                  | Draconian growth]
  5316 | D:5      | Found Wycs's General Store.
  5413 | D:5      | Reached skill level 5 in Transmutations
  5851 | D:5      | Bought a scroll of identify for 26 gold pieces
  5851 | D:5      | Bought a scroll of fear for 45 gold pieces
  5851 | D:5      | Bought a potion of curing for 39 gold pieces
  5851 | D:5      | Bought a potion of berserk rage for 65 gold pieces
  5851 | D:5      | Bought a potion of might for 52 gold pieces
  6211 | D:5      | Found a staircase to the Ecumenical Temple.
  6386 | Temple   | Entered the Ecumenical Temple
  6677 | D:6      | Noticed Duvessa
  6760 | D:6      | Noticed Dowan
  6792 | D:6      | HP: 1/57 [something (4)]
  7150 | D:6      | Reached skill level 5 in Spellcasting
  7270 | D:6      | Reached XP level 8. HP: 54/66 MP: 15/15
  7417 | Temple   | Became a worshipper of Gozag Ym Sagoz the Greedy
  7529 | D:6      | HP: 3/66 [poisoned by an orc priest]
  7531 | D:6      | HP: 1/66 [poisoned by an orc priest]
  7533 | D:6      | Killed from afar by an orc priest

Illustrated notes

Levels and vault maps discovered:
D:1:      dpeg_arrival_triangle_fractal, layout_basic
D:2:      layout_basic, dilly_ecumenical_altar_fadedgnrine, st_stairs_1,
          minmay_fractal_squares_5
D:3:      layout_basic
D:4:      layout_loops_ring, uniq_natasha, uniq_ijyb
D:5:      layout_loops_ring, minmay_temple_entry_statues_pillars, serial_shops,
          nicolae_stop_n_shop_2, grunt_ministairs_2, nicolae_zen_rock_garden
D:6:      layout_rooms, uniq_duvessa
Temple:   nicolae_temple_the_god_donut

Skill      XL: |  1  2  3  4  5  6  7  8 |
---------------+-------------------------+-----
Dodging        | 2 3 |  3.0
Stealth        | 1 2 3 |  3.0
Fighting       | 2 3 4 |  4.1
Spellcasting   | 3 4 5 |  5.2
Transmutations | 3 4 5 |  5.8
Unarmed Combat | |  3.0

Action                   |  1- 3 |  4- 6 |  7- 9 || total
-------------------------+-------+-------+-------++-------
Melee: Unarmed           |   117 |   101 |   116 ||   334
       Kick              |    13 |    11 |     7 ||    31
       Punch             |     1 |       |       ||     1
       Headbutt          |     8 |     9 |    11 ||    28
       Tailslap          |     8 |     8 |     4 ||    20
 Cast: Beastly Appendage |    28 |    12 |     4 ||    44
       Spider Form       |     1 |     8 |    14 ||    23
       Ice Form          |       |       |     1 ||     1
 Abil: End Transformatio |       |       |     3 ||     3
       Breathe Frost     |       |       |     1 ||     1
  Use: Potion            |       |       |     4 ||     4
 Stab: Sleeping          |     3 |     2 |       ||     5
Armor: Skin              |    34 |     8 |    21 ||    63
Dodge: Dodged            |    81 |    75 |   128 ||   284
